AoeStats
← Glaukomflekn

Arena

505473590Analyzed
1v1 RM · 22d ago on Sep 9, 2026· 49m 40s· 2 players
Game mode
Random Map
Map size
Tiny (2 player)
Population
200
Speed
Normal
Resources
Standard
Victory
Conquest
Starting age
Dark Age
Ending age
Imperial Age
RankedLock teamsTeams togetherTeam positionsShared explorationLock speedFull tech treeHidden civsTurbo modeCheats
Victory
Defeat
🇹🇷 Turks · Türkiye
785
+16
🇧🇷 Bohemians · Brazil
784
-16
Rise
11:37 Feudal Age
17:24 Castle Age
16:11 Double-Bit Axe
16:19 Horse Collar
29:26 Imperial Age
29:11 Chemistry
28:57 Loom
29:48 Wheelbarrow
29:29 Bow Saw
29:23 Heavy Plow
31:00 Conscription
30:34 Town Watch
30:50 Elite Skirmisher
33:37 Padded Archer Armor
33:29 Fletching
34:05 Ballistics
33:41 Murder Holes
35:10 Siege Engineers
35:03 Pikeman
36:03 Halberdier
36:56 Wagenburg Tactics
37:08 Squires
37:15 Scale Mail Armor
38:38 Elite Hussite Wagon
42:20 Chain Mail Armor
42:15 Forging
42:46 Hand Cart
42:32 Town Patrol
42:40 Houfnice
45:59 Bodkin Arrow
46:36 Plate Mail Armor
46:41 Iron Casting
46:22 Leather Archer Armor
49:14 Leather Archer Armor
Glaukomflekn
10:39 Feudal Age
15:10 Castle Age
13:35 Double-Bit Axe
14:08 Horse Collar
17:13 Wheelbarrow
19:48 Heavy Plow
22:51 Bloodlines
23:16 Bow Saw
23:53 Scale Barding Armor
24:54 Stone Mining
25:49 Hand Cart
25:22 Town Watch
25:27 Loom
26:12 Forging
28:00 Chain Barding Armor
32:20 Imperial Age
31:03 Husbandry
31:29 Fletching
31:39 Padded Archer Armor
31:50 Thumb Ring
32:11 Sipahi
32:48 Bodkin Arrow
33:52 Conscription
34:11 Bracer
34:38 Ballistics
34:31 Fortified Wall
34:37 Masonry
35:08 Parthian Tactics
34:04 Heavy Cavalry Archer
41:11 Two-Man Saw
40:55 Leather Archer Armor
41:16 Plate Barding Armor
41:16 Iron Casting
42:15 Ring Archer Armor
42:07 Artillery
42:42 Hoardings
43:50 Architecture
43:17 Murder Holes
45:26 Blast Furnace
Connection lost

Rejoining the realm…

Still unreachable

The connection could not be restored.

Session expired

The server has moved on; the page needs a fresh start.